 Dungeon Crawl Stone Soup version 0.23.2-1-ga50397a (webtiles) character file.

Game seed: 3576892559068176793

39 poirepourri the Changer (level 3, -1/23 HPs)
             Began as an Octopode Transmuter on May 6, 2019.
             Slain by a kobold
             ... wielding a +0 whip
              (3 damage)
             ... on level 2 of the Dungeon.
             The game lasted 00:00:49 (1269 turns).

poirepourri the Changer (Octopode Transmuter)       Turns: 1269, Time: 00:00:50

Health: -1/23      AC:  1    Str:  9    XL:     3   Next: 47%
Magic:  6/6        EV: 13    Int: 20    God:
Gold:   58         SH:  0    Dex: 13    Spells: 3/6 levels left

rFire    . . .     SeeInvis .     - Unarmed
rCold    . . .     Gourm    .   (no shield)
rNeg     . . .     Faith    .   (helmet restricted)
rPois    .         Spirit   .   (no amulet)
rElec    .         Reflect  .   (no ring)
rCorr    .         Harm     .   (no ring)
MR       .....                  (no ring)
Stlth    ++........             (no ring)
HPRegen  0.07/turn              (no ring)
MPRegen  0.10/turn              (no ring)
                                (no ring)
                                (no ring)

@: brilliant
A: almost no armour, stealthy swim, amphibious, 8 rings, constrict 8, camouflage
1, gelatinous body 1
a: no special abilities


You were on level 2 of the Dungeon.
You were not hungry.

You visited 1 branch of the dungeon, and saw 2 of its levels.

You collected 58 gold pieces.

Inventory:

Missiles
 a - 12 arrows
Jewellery
 h - an uncursed amulet of guardian spirit {unknown}
 l - an uncursed ring of ice {unknown}
Scrolls
 d - a scroll of remove curse
Potions
 b - a potion of ambrosia
 e - a potion of agility
 f - a potion of brilliance
 i - a potion of invisibility {unknown}
 j - a potion of magic {unknown}
 k - a potion of might {unknown}
Comestibles
 c - 3 rations
 g - 2 chunks of flesh


   Skills:
 - Level 1.0 Fighting
 - Level 2.0 Dodging
 - Level 3.0 Unarmed Combat
 - Level 2.0 Spellcasting
 + Level 3.8 Transmutations


You had 3 spell levels left.
You knew the following spells:

 Your Spells              Type           Power        Failure   Level  Hunger
a - Beastly Appendage     Tmut           ####..       1%          1    #......
b - Sticks to Snakes      Tmut           ####....     1%          2    ##.....

Your spell library contained the following spells:

 Spells                   Type           Power        Failure   Level  Hunger
 Spider Form              Tmut/Pois      ###.......   2%          3    ###....
 Ice Form                 Ice/Tmut       ###.....     9%          4    #####..
 Blade Hands              Tmut           ####......   11%         5    ######.


Dungeon Overview and Level Annotations

Branches:
Dungeon (2/15)

Altars:


Innate Abilities, Weirdness & Mutations

You cannot wear most types of armour.
You are very stealthy in the water. (Stealth+)
You are amphibious.
You can wear up to eight rings at the same time.
You can use your tentacles to constrict eight enemies at once.
Your skin changes colour to match your surroundings (Stealth+).
Your rubbery body absorbs attacks. (AC +1, EV +1)


Message History

The gnoll is lightly wounded.
The gnoll barely misses you. The gnoll closely misses you.
The kobold closely misses you.
You barely miss the gnoll. You grab the gnoll. You squeeze the gnoll.
The gnoll is heavily wounded.
You constrict the gnoll. The gnoll misses you. The gnoll barely misses you.
The gnoll hits you but does no damage.
You completely miss the gnoll. Your squeeze misses the gnoll.
The gnoll is heavily wounded.
You constrict the gnoll, but do no damage.
The kobold hits you with a +0 whip!
The gnoll hits you from afar with a +0 spear.
* * * LOW HITPOINT WARNING * * *
The gnoll misses you. The gnoll closely misses you.
You release your grip on the gnoll.
The kobold completely misses you.
It was a potion of brilliance.
You feel clever all of a sudden. The gnoll misses you.
The kobold hits you with a +0 whip.
You die...

...# #...# #.########
#.# ...# #...#
#........) #.# ...#
#...# #.######## #.#
...####...###.......#
#.#
......'.........)....
#.#
......#..†###.#####.#
#.# ......##### #.(.
#.# ..........#
##.#########.####
......###.#
#.K@...........#
#.##+####
#g##############
#.##....# #.#
....>.........g..#
#.##.##.#.####.#.#
#.# .# #.#g#
..##.##.# #.# #
........# #.#
#..#.#### #.#


You could see a gnoll and a kobold.

Vanquished Creatures
  2 adders (D:2)
  A leopard gecko (D:2)
  A giant cockroach (D:2)
  2 goblins (D:1)
  3 hobgoblins
  6 bats
  2 kobolds (D:1)
  2 rats
19 creatures vanquished.

Notes
Turn   | Place    | Note
-------+----------+-------------------------------------------
     0 | D:1      | poirepourri the Octopode Transmuter began the quest for the
                  | Orb.
     0 | D:1      | Reached XP level 1. HP: 13/13 MP: 3/3
   186 | D:1      | Reached XP level 2. HP: 15/18 MP: 5/5
  1047 | D:2      | Learned a level 2 spell: Sticks to Snakes
  1063 | D:2      | Reached XP level 3. HP: 22/23 MP: 4/6
  1269 | D:2      | Slain by a kobold

Skill      XL: |  1  2 |
---------------+-------+-----
Transmutations | 3 |  3.8
Fighting       | |  1.0
Dodging        | |  2.0
Unarmed Combat | |  3.0
Spellcasting   | |  2.0

Action                   || total
-------------------------++-------
Melee: Unarmed           ||    47
       Constrict         ||    12
       Tentacles         ||    10
 Cast: Beastly Appendage ||     6
  Use: Scroll            ||     5
       Potion            ||     2
 Stab: Sleeping          ||     4
  Eat: Chunk             ||     1
Armor: Skin              ||     6
Dodge: Dodged            ||    38
